 Dungeon Crawl Stone Soup version 0.18.1-48-g4cf74bf (webtiles) character file.

521 Heedrag the Conjurer (level 7, -15/36 HPs)
             Began as a Deep Elf Conjurer on Aug 14, 2016.
             Demolished by Duvessa
             ... wielding a +6 short sword of speed
              (18 damage)
             ... on level 5 of the Dungeon.
             The game lasted 00:08:59 (4056 turns).

Heedrag the Conjurer (Deep Elf Conjurer)            Turns: 4056, Time: 00:09:00

Health: -15/36     AC:  6    Str:  7    XL:     7   Next: 1%
Magic:  6/17       EV: 13    Int: 20    God:
Gold:   198        SH:  0    Dex: 15    Spells: 3 memorised, 7 levels left

rFire  . . .     SeeInvis .     D - +4 quarterstaff (chaos)
rCold  . . .     Gourm    .     a - +0 robe
rNeg   . . .     Faith    .     (shield currently unavailable)
rPois  .         Spirit   .     d - +0 helmet (curse)
rElec  .         Dismiss  .     o - +0 cloak
rCorr  .         Reflect  .     r - +0 pair of gloves
SustAt .         Harm     .     p - +0 pair of boots
MR     .....                    (no amulet)
Stlth  +.........               (no ring)
                                (no ring)

@: glowing, not resistant to hostile enchantments, very unstealthy
A: no striking features
a: no special abilities


You were on level 5 of the Dungeon.
You were hungry.

You visited 1 branch of the dungeon, and saw 5 of its levels.

You collected 198 gold pieces.

Inventory:

Hand Weapons
 f - a +0 dagger
 s - a +3 hand axe
 u - a +1 flail of protection
 D - a +4 quarterstaff of chaos (weapon)
Armour
 a - a +0 robe (worn)
 d - a cursed +0 helmet (worn)
 i - a +0 shield
 o - a +0 cloak (worn)
 p - a +0 pair of boots (worn)
 r - a +0 pair of gloves (worn)
 E - a +0 buckler
Magical Staves
 y - an uncursed staff of death
Wands
 q - a wand of lightning (10/15)
Scrolls
 e - 3 scrolls of remove curse {unknown}
 g - 3 scrolls of teleportation {unknown}
 l - a scroll of blinking {unknown}
 n - 2 scrolls of recharging {unknown}
 t - 3 scrolls of identify {unknown}
 w - a scroll of fog {unknown}
 z - a scroll of magic mapping {unknown}
 A - a scroll of amnesia {unknown}
 B - 2 scrolls of enchant armour {unknown}
Potions
 h - a potion of cure mutation {unknown}
 j - a potion of berserk rage {unknown}
 k - a potion of agility {unknown}
 m - a potion of heal wounds {unknown}
Books
 b - a book of Conjurations

   Spells                             Type                      Level
   a - Magic Dart                     Conjuration                  1
   b - Searing Ray                    Conjuration                  2
   c - Dazzling Spray                 Conjuration/Hexes            3
   d - Fulminant Prism                Conjuration/Hexes            4
   e - Iskenderun's Mystic Blast      Conjuration                  4
   f - Iskenderun's Battlesphere      Conjuration/Charms           5
Comestibles
 c - 2 bread rations
 v - a meat ration
 x - a beef jerky
 C - 3 chunks of flesh


   Skills:
 - Level 2.4 Dodging
 - Level 2.4 Stealth
 + Level 5.6 Spellcasting
 * Level 7.7 Conjurations
 + Level 3.6 Charms


You had 7 spell levels left.
You knew the following spells:

 Your Spells              Type           Power        Failure   Level  Hunger
a - Magic Dart            Conj           ####         1%          1    None
b - Iskenderun's Mystic   Conj           #####...     6%          4    ####...
c - Iskenderun's Battles  Conj/Chrm      ####....     30%         5    #####..


Dungeon Overview and Level Annotations

Branches:
Dungeon (5/15)
 Temple: D:4-7

Altars:
Gozag
The Shining One

Annotations:
D:3 Wardy's ghost, weakling DsAs
D:4 Edmund
D:5 Blork the orc; Duvessa


Message History

Castin': Magic Dart Confirm wit' . or Enter, or press ? or * ta list all spells.
Okay, than.
Duvessa hits ye wit' a short sword o' speed!
Duvessa misses ye.
Ye closely miss Duvessa.
Duvessa be lightly wounded.
Duvessa misses ye.
Duvessa closely misses ye.
Ye hit Duvessa.
Ye burn Duvessa.
Duvessa be moderately wounded.
Duvessa hits ye wit' a short sword o' speed!
Duvessa barely misses ye.
Ye hit Duvessa but do nay damage.
Duvessa's body glows momn'tarily.
Duvessa be moderately wounded.
Duvessa hits ye wit' a short sword o' speed.
Duvessa hits ye wit' a short sword o' speed!
* * * LOW HITPOINT WARNIN'
* * * Duvessa hits ye wit' a short sword o' speed!!
Ouch! Tha re'lly hurt!
Ye die...

.#+##### ....... ......
#.......#####
.........o.<#
##.#######################
...<...........#..........
.......................###
..#.###.........@e(....)..
# ....# ######.#.######.##
#### ..#####.# #.#.# ....
........# #.#.# ###
..############.#.# #..
.#...####....#.#.# #..
........+.)....#.# ###
...#.####..).#.#.#
<..#..†..........#


You could see Duvessa (berserk).

Vanquished Creatures
  A necrophage (D:5)
  Dowan (D:5)
  A crimson imp (D:4)
  A jelly (D:4)
  Crazy Yiuf (D:4)
  2 orc wizards
  An orc priest (D:4)
  A worker ant (D:4)
  2 gnolls
  4 adders
  A howler monkey skeleton (D:4)
  An ooze (D:4)
  2 worms (D:2)
  A dart slug (D:1)
  4 giant geckos
  8 orcs
  2 ball pythons
  6 giant cockroaches
  9 hobgoblins
  2 jackals (D:2)
  7 kobolds
  2 quokkas
  11 bats
  A giant gecko skeleton (D:4)
  5 giant newts
  20 goblins
  A goblin skeleton (D:4)
  2 goblin zombies (D:4)
  3 hobgoblin zombies (D:4)
  2 orc skeletons (D:4)
  2 rats
107 creatures vanquished.

Notes
Turn   | Place    | Note
--------------------------------------------------------------
     0 | D:1      | Heedrag the Deep Elf Conjurer began the quest for the Orb.
     0 | D:1      | Reached XP level 1. HP: 10/10 MP: 6/6
   200 | D:1      | Reached XP level 2. HP: 15/15 MP: 2/8
   202 | D:1      | Reached skill level 5 in Conjurations
   497 | D:1      | Reached XP level 3. HP: 17/19 MP: 1/10
  1655 | D:2      | Reached XP level 4. HP: 24/24 MP: 7/11
  1768 | D:2      | Learned a level 4 spell: Iskenderun's Mystic Blast
  2278 | D:3      | Reached skill level 6 in Conjurations
  2513 | D:3      | Reached XP level 5. HP: 24/28 MP: 3/13
  2697 | D:3      | Learned a level 5 spell: Iskenderun's Battlesphere
  2910 | D:3      | Noticed Wardy's ghost (weakling DsAs)
  3014 | D:4      | Reached skill level 1 in Charms
  3183 | D:4      | Reached skill level 7 in Conjurations
  3184 | D:4      | Noticed Edmund
  3206 | D:4      | Found an opulent altar of Gozag.
  3347 | D:4      | Reached XP level 6. HP: 27/32 MP: 8/15
  3412 | D:4      | Found a glowing golden altar of the Shining One.
  3418 | D:4      | Reached skill level 5 in Spellcasting
  3657 | D:4      | Noticed Crazy Yiuf
  3664 | D:4      | Killed Crazy Yiuf
  3724 | D:5      | Entered Level 5 of the Dungeon
  3820 | D:5      | Noticed Duvessa
  3889 | D:5      | Noticed Blork the orc
  4045 | D:5      | Noticed Dowan
  4048 | D:5      | Killed Dowan
  4048 | D:5      | Reached XP level 7. HP: 36/36 MP: 7/17
  4056 | D:5      | Demolished by Duvessa

Skill      XL: |  1  2  3  4  5  6 |
---------------+-------------------+-----
Conjurations   | 5 6 7 |  7.7
Spellcasting   | 4 5 |  5.6
Charms         | 2 3 |  3.6
Dodging        | |  2.4
Stealth        | |  2.4

Action                   |  1- 3 |  4- 6 |  7- 9 || total
-------------------------+-------+-------+-------++-------
Melee: Dagger            |    29 |       |       ||    29
       Hand axe          |       |     4 |       ||     4
       Flail             |       |     9 |       ||     9
       Quarterstaff      |       |       |     3 ||     3
 Cast: Magic Dart        |    82 |   167 |     3 ||   252
       Iskenderun's Batt |       |     1 |       ||     1
  Eat: Chunk             |     2 |     7 |       ||     9
Armor: Robe              |     5 |    15 |       ||    20
Dodge: Dodged            |    22 |    31 |     4 ||    57
